[Event "GER-ch Youth-U12 2024"]
[Site "Willingen"]
[Date "2024.05.19"]
[Round "1"]
[White "Nezhyvenko, Mykhaylo"]
[Black "Heins, Simon"]
[Result "1-0"]
[ECO "C55"]
[WhiteElo "2075"]
[BlackElo "1626"]
[Annotator "RC"]
[PlyCount "89"]
[EventDate "2022.06.05"]
[EventType "swiss"]
[EventRounds "9"]
[EventCountry "GER"]
[SourceTitle "playchess.com"]
[Source "ChessBase"]
[SourceQuality "1"]
[TimeControl "40/4500+30:900+30"]

1. e4 e5 2. Nf3 Nc6 3. Bc4 Nf6 4. d3 Be7 5. c3 d6 6. O-O a6 7. a4 O-O 8. Re1 Bg4 9. h3 Be6 10. Bxe6 fxe6 11. Nbd2 Nh5 12. Nf1 Qe8 13. d4 exd4 14. Nxd4 Nxd4 15. cxd4 Qf7 16. Qe2 e5 17. dxe5 dxe5 18. Be3 Bd6 19. Nd2 Nf4 20. Qc4 Rad8 21. Qxf7+ Rxf7 22. Nc4 Ne6 23. Rad1 Nd4 24. Bg5 Be7 25. Nxe5 Bxg5 26. Nxf7 Kxf7 27. Kh1 Nb3 28. Rxd8 Bxd8 29. Rd1 Be7 30. Rd7 Nc5 31. Rxc7 a5 32. e5 Ke8 33. Rc8+ Kd7 34. Rb8 Bd8 35. f4 Kc7 36. Ra8 b6 37. f5 Nxa4 38. Ra7+ Kc6 39. e6 Nxb2 40. e7 Bxe7 41. Rxe7 Nd3 42. g4 g5 43. f6 Nf4 44. f7 Ng6 45. Re6+ 1-0

[Event "GER-ch Youth-U12 2024"]
[Site "Willingen"]
[Date "2024.05.19"]
[Round "1"]
[White "Sheng, Ming"]
[Black "Wagener, Nicolas"]
[Result "1-0"]
[ECO "B45"]
[WhiteElo "2031"]
[BlackElo "1713"]
[Annotator "RC"]
[PlyCount "59"]
[EventDate "2022.06.05"]
[EventType "swiss"]
[EventRounds "9"]
[EventCountry "GER"]
[SourceTitle "playchess.com"]
[Source "ChessBase"]
[SourceQuality "1"]
[TimeControl "40/4500+30:900+30"]

1. e4 c5 2. Nf3 e6 3. d4 cxd4 4. Nxd4 Nf6 5. Nc3 Nc6 6. Nxc6 bxc6 7. e5 Nd5 8. Ne4 Qc7 9. f4 Qb6 10. a3 f5 11. exf6 Nxf6 12. Nxf6+ gxf6 13. Qh5+ Kd8 14. Qf7 Qd4 15. Bd2 Bc5 16. O-O-O Bb6 17. c3 Qf2 18. Qxf6+ Kc7 19. Qxh8 Rb8 20. Qe5+ d6 21. Qe2 Qc5 22. Re1 d5 23. f5 Ba5 24. Bf4+ Kd8 25. Bxb8 Bxc3 26. bxc3 Qxc3+ 27. Kb1 Ba6 28. Bc7+ Kd7 29. Qxe6+ Kxc7 30. Qe5+ 1-0

[Event "GER-ch Youth-U12 2024"]
[Site "Willingen"]
[Date "2024.05.19"]
[Round "1"]
[White "Belin, Anton"]
[Black "Sasikumar Anitha, Sarvesh"]
[Result "0-1"]
[ECO "C08"]
[WhiteElo "1948"]
[BlackElo "1703"]
[Annotator "RC"]
[PlyCount "66"]
[EventDate "2022.06.05"]
[EventType "swiss"]
[EventRounds "9"]
[EventCountry "GER"]
[SourceTitle "playchess.com"]
[Source "ChessBase"]
[SourceQuality "1"]
[TimeControl "40/4500+30:900+30"]

1. e4 e6 2. d4 d5 3. Nd2 c5 4. exd5 exd5 5. Ngf3 Nf6 6. dxc5 Bxc5 7. Nb3 Bb6 8. Bb5+ Nc6 9. O-O O-O 10. h3 h6 11. Nbd4 Qd6 12. Re1 Bd7 13. Bxc6 bxc6 14. Ne5 Ne4 15. Bf4 Qb4 16. Be3 Qd6 17. Ndf3 Bxe3 18. Rxe3 Bf5 19. Qe2 Rae8 20. Nd3 d4 21. Nh4 dxe3 22. Nxf5 exf2+ 23. Nxf2 Qf4 24. Qf3 Qxf3 25. gxf3 Ng5 26. f4 Nf3+ 27. Kg2 Ne1+ 28. Kf1 Nxc2 29. Rc1 Nb4 30. Rc4 Nd5 31. Ng4 h5 32. Ne5 g6 33. Nd6 Ne3+ 0-1

[Event "GER-ch Youth-U12 2024"]
[Site "Willingen"]
[Date "2024.05.19"]
[Round "1"]
[White "Li, Yunqi"]
[Black "Doeding, Alexander"]
[Result "1-0"]
[ECO "E90"]
[WhiteElo "1940"]
[BlackElo "1633"]
[Annotator "RC"]
[PlyCount "77"]
[EventDate "2022.06.05"]
[EventType "swiss"]
[EventRounds "9"]
[EventCountry "GER"]
[SourceTitle "playchess.com"]
[Source "ChessBase"]
[SourceQuality "1"]
[TimeControl "40/4500+30:900+30"]

1. e4 g6 2. d4 Bg7 3. c4 d6 4. Nf3 Nf6 5. Nc3 Nbd7 6. Be2 b6 7. O-O Bb7 8. Qc2 O-O 9. Ne1 c5 10. d5 a6 11. Be3 Qc7 12. Nd3 Rfe8 13. f3 e6 14. Bf2 exd5 15. Nxd5 Nxd5 16. cxd5 Rec8 17. Rac1 b5 18. b3 a5 19. Nb2 Ba6 20. Kh1 Nb6 21. Qd2 Qd7 22. a3 b4 23. Bxa6 Rxa6 24. a4 c4 25. Qe2 Bxb2 26. Qxb2 cxb3 27. Qxb3 Rxc1 28. Rxc1 Qxa4 29. Rc8+ Kg7 30. Qb2+ f6 31. Bxb6 Rxb6 32. Rc7+ Kh6 33. h4 Qd1+ 34. Kh2 b3 35. Qxf6 Qd2 36. Qg7+ Kh5 37. Qxh7+ Qh6 38. g4+ Kxh4 39. Qxh6# 1-0

[Event "GER-ch Youth-U12 2024"]
[Site "Willingen"]
[Date "2024.05.19"]
[Round "1"]
[White "Stehning, Toni"]
[Black "Subocz, Barbara"]
[Result "1-0"]
[ECO "B75"]
[WhiteElo "1821"]
[BlackElo "1692"]
[Annotator "NA RC"]
[PlyCount "103"]
[EventDate "2022.06.05"]
[EventType "swiss"]
[EventRounds "9"]
[EventCountry "GER"]
[SourceTitle "playchess.com"]
[Source "ChessBase"]
[SourceQuality "1"]
[TimeControl "40/4500+30:900+30"]

1. e4 c5 2. Nf3 d6 3. d4 cxd4 4. Nxd4 Nf6 5. Nc3 g6 6. Be3 Bg7 7. f3 Nc6 8. Qd2 Nxd4 9. Bxd4 a6 10. Nd5 e6 11. Nxf6+ Bxf6 12. Bxf6 Qxf6 13. Qxd6 Qxb2 14. Rd1 Qc3+ 15. Rd2 Qa1+ 16. Kf2 Qf6 17. Be2 Qe7 18. e5 Qxd6 19. exd6 Bd7 20. c4 Bc6 21. c5 Kd7 22. Rb1 Rab8 23. Rdb2 a5 24. Bb5 Rhc8 25. Bxc6+ Kxc6 26. Rb5 Rd8 27. Rxa5 b5 28. Rc1 Ra8 29. Rxa8 Rxa8 30. Rc2 Ra5 31. h4 h5 32. Rd2 Ra8 33. Rc2 e5 34. g4 f5 35. g5 f4 36. Ke2 Ra3 37. Rd2 Ra8 38. d7 Rd8 39. Rd6+ Kxc5 40. Rxg6 Rxd7 41. Rh6 Kc4 42. Rxh5 Rg7 43. Rh6 Kc3 44. g6 Kb2 45. h5 Kxa2 46. Rh7 Rg8 47. Rb7 Rh8 48. g7 Rg8 49. h6 b4 50. h7 Rxg7 51. Rxg7 b3 52. h8=Q 1-0

[Event "GER-ch Youth-U12 2024"]
[Site "Willingen"]
[Date "2024.05.19"]
[Round "1"]
[White "Rodriguez Klasen, Ennio"]
[Black "Lee, Ho In"]
[Result "1/2-1/2"]
[ECO "B08"]
[WhiteElo "1802"]
[BlackElo "1668"]
[Annotator "NA RC"]
[PlyCount "93"]
[EventDate "2022.06.05"]
[EventType "swiss"]
[EventRounds "9"]
[EventCountry "GER"]
[SourceTitle "playchess.com"]
[Source "ChessBase"]
[SourceQuality "1"]
[TimeControl "40/4500+30:900+30"]

1. e4 c5 2. d4 cxd4 3. Qxd4 Nc6 4. Qd3 Nf6 5. Nc3 g6 6. Nf3 d6 7. Be2 Bg7 8. O-O O-O 9. Nd5 Nxd5 10. exd5 Bf5 11. Qb5 Ne5 12. Nxe5 Bxe5 13. c3 Qc7 14. Be3 Rfb8 15. a4 b6 16. Ra3 h5 17. Qb4 Kg7 18. h3 Rb7 19. g4 a5 20. Qb3 hxg4 21. hxg4 Qc8 22. gxf5 Qh8 23. f6+ exf6 24. f4 Qh4 25. Rf2 Rh8 26. Bf3 Bxf4 27. Bxf4 Qxf4 28. Qd1 Re7 29. Qd2 Qg3+ 30. Bg2 Rh4 31. c4 Qe5 32. Rh3 Rxh3 33. Bxh3 Qg3+ 34. Bg2 Re5 35. Qc3 Qg4 36. Qf3 Re1+ 37. Rf1 Rxf1+ 38. Qxf1 Qd4+ 39. Qf2 Qd1+ 40. Bf1 Qg4+ 41. Kh2 Qh5+ 42. Bh3 Qe5+ 43. Kg1 Qg5+ 44. Bg2 Qc1+ 45. Kh2 Qxc4 46. Qxb6 Qh4+ 47. Kg1 1/2-1/2

[Event "GER-ch Youth-U12 2024"]
[Site "Willingen"]
[Date "2024.05.19"]
[Round "1"]
[White "Vartanian, Roman"]
[Black "Draude, Theo"]
[Result "1-0"]
[ECO "A58"]
[WhiteElo "1797"]
[BlackElo "1731"]
[Annotator "NA RC"]
[PlyCount "55"]
[EventDate "2022.06.05"]
[EventType "swiss"]
[EventRounds "9"]
[EventCountry "GER"]
[SourceTitle "playchess.com"]
[Source "ChessBase"]
[SourceQuality "1"]
[TimeControl "40/4500+30:900+30"]

1. Nf3 Nf6 2. d4 g6 3. c4 c5 4. d5 b5 5. cxb5 a6 6. bxa6 Bxa6 7. Nc3 d6 8. g3 Bg7 9. Bg2 O-O 10. O-O Nbd7 11. Re1 Ng4 12. Qc2 Nge5 13. Nxe5 Nxe5 14. f4 Nd7 15. Bd2 Qb6 16. Kh1 Rfb8 17. Rab1 c4 18. Na4 Qc7 19. Bc3 Bb5 20. Bxg7 Kxg7 21. Nc3 Ba6 22. Ne4 Bb7 23. Nc3 Nc5 24. Nb5 Qd7 25. Qxc4 Ra4 26. b4 Kg8 27. Nc3 Ba6 28. Qd4 1-0

[Event "GER-ch Youth-U12 2024"]
[Site "Willingen"]
[Date "2024.05.19"]
[Round "1"]
[White "Fischermann, Simon"]
[Black "Kaza, Charith"]
[Result "1/2-1/2"]
[ECO "B23"]
[WhiteElo "1789"]
[BlackElo "1503"]
[Annotator "NA RC"]
[PlyCount "151"]
[EventDate "2022.06.05"]
[EventType "swiss"]
[EventRounds "9"]
[EventCountry "GER"]
[SourceTitle "playchess.com"]
[Source "ChessBase"]
[SourceQuality "1"]
[TimeControl "40/4500+30:900+30"]

1. e4 c5 2. Nc3 Nc6 3. Bb5 g6 4. Bxc6 dxc6 5. d3 Bg7 6. f4 e5 7. Nf3 Bg4 8. O-O Ne7 9. fxe5 O-O 10. h3 Bxf3 11. Qxf3 Qd4+ 12. Kh1 Qxe5 13. Bf4 Qe6 14. Rae1 Rad8 15. Be3 b6 16. a4 c4 17. dxc4 Qxc4 18. Bg5 f6 19. b3 Qf7 20. Bc1 Rd7 21. Ba3 c5 22. Nd1 Nc6 23. Bb2 Nb4 24. Ne3 Rfd8 25. Bxf6 Bxf6 26. Qxf6 Qxf6 27. Rxf6 Kg7 28. Rf2 Rd2 29. Ref1 Rxf2 30. Rxf2 Rd4 31. e5 Re4 32. Nc4 Nc6 33. Rd2 Rd4 34. Re2 Kf7 35. g4 Ke6 36. Kg2 h6 37. Kg3 Rd5 38. g5 hxg5 39. Kg4 Rd1 40. Kxg5 Rg1+ 41. Kh6 Nd4 42. Rf2 Nf5+ 43. Kh7 Rg3 44. h4 Rg4 45. Rd2 a6 46. Nxb6 Kf7 47. Rd7+ Ne7 48. h5 Rh4 49. Rxe7+ Kxe7 50. Kxg6 Ke6 51. h6 Rg4+ 52. Kh5 Rg1 53. h7 Kf5 54. Kh4 Rh1+ 55. Kg3 Rxh7 56. Nc4 Rh1 57. Kf3 Rh3+ 58. Ke2 Ke4 59. Kd2 Kd4 60. c3+ Rxc3 61. e6 Rxb3 62. e7 Rb8 63. Nd6 Rb2+ 64. Kc1 Rb8 65. Kc2 a5 66. Nb5+ Kd5 67. Nc7+ Kc4 68. e8=Q Rxe8 69. Nxe8 Kb4 70. Nd6 Kxa4 71. Kc3 Ka3 72. Kc4 Kb2 73. Kxc5 a4 74. Kb4 a3 75. Nc4+ Kc2 76. Nxa3+ 1/2-1/2

[Event "GER-ch Youth-U12 2024"]
[Site "Willingen"]
[Date "2024.05.19"]
[Round "1"]
[White "Yozgyur, Ediz"]
[Black "Gersemann, Karl"]
[Result "0-1"]
[ECO "B51"]
[WhiteElo "1789"]
[BlackElo "1729"]
[Annotator "NA RC"]
[PlyCount "82"]
[EventDate "2022.06.05"]
[EventType "swiss"]
[EventRounds "9"]
[EventCountry "GER"]
[SourceTitle "playchess.com"]
[Source "ChessBase"]
[SourceQuality "1"]
[TimeControl "40/4500+30:900+30"]

1. e4 c5 2. Nf3 d6 3. Bb5+ Nd7 4. d4 cxd4 5. Nxd4 a6 6. Bxd7+ Bxd7 7. Be3 Nf6 8. Nd2 Ng4 9. O-O g6 10. h3 Nxe3 11. fxe3 Bg7 12. Qf3 O-O 13. Rad1 Qc7 14. c3 e5 15. N4b3 a5 16. c4 a4 17. Nc1 Bc6 18. Qg4 Qb6 19. Qe2 Qxb2 20. h4 Qb6 21. h5 Bh6 22. Rf3 Bd7 23. Rg3 Bf4 24. c5 Qxc5 25. Nd3 Qa7 26. Nxf4 exf4 27. Rg5 Qxe3+ 28. Qxe3 fxe3 29. Nc4 Be6 30. Nxe3 Bxa2 31. Rxd6 Bb1 32. Ng4 a3 33. hxg6 hxg6 34. Nh6+ Kh7 35. Nf5 Bxe4 36. Ng3 a2 37. Nxe4 a1=Q+ 38. Kh2 Kg7 39. Ng3 Rh8+ 40. Nh5+ Rxh5+ 41. Rxh5 gxh5 0-1

[Event "GER-ch Youth-U12 2024"]
[Site "Willingen"]
[Date "2024.05.19"]
[Round "1"]
[White "Noll, Raphael"]
[Black "Shevchenko, Igor"]
[Result "0-1"]
[ECO "B15"]
[WhiteElo "1775"]
[BlackElo "1758"]
[Annotator "NA RC"]
[PlyCount "120"]
[EventDate "2022.06.05"]
[EventType "swiss"]
[EventRounds "9"]
[EventCountry "GER"]
[SourceTitle "playchess.com"]
[Source "ChessBase"]
[SourceQuality "1"]
[TimeControl "40/4500+30:900+30"]

1. e4 c6 2. d4 d5 3. Nd2 dxe4 4. Nxe4 Nf6 5. Nxf6+ exf6 6. h3 Bd6 7. Nf3 O-O 8. Be2 Re8 9. O-O Nd7 10. Be3 Nf8 11. Qd2 Bc7 12. Rad1 Ng6 13. Bc4 Qd6 14. Rfe1 Bf5 15. Bd3 Bxd3 16. Qxd3 Rad8 17. Bd2 Nh4 18. g3 Nxf3+ 19. Qxf3 Qxd4 20. Rxe8+ Rxe8 21. Ba5 Qe5 22. Re1 Qxe1+ 23. Bxe1 Rxe1+ 24. Kg2 Bb6 25. Qd3 g6 26. Qd2 Re7 27. b4 Kg7 28. c4 Bc7 29. a4 a6 30. Kf3 f5 31. Qd4+ Be5 32. Qc5 Bf6 33. g4 fxg4+ 34. hxg4 h6 35. Kg2 Rd7 36. a5 Bd4 37. Qxd4+ Rxd4 38. b5 Rxc4 39. bxa6 bxa6 40. Kf3 Ra4 41. Ke3 Rxa5 42. Kd4 Rd5+ 43. Kc4 a5 44. Kb3 Kf6 45. f4 Rd4 46. g5+ hxg5 47. fxg5+ Ke5 48. Kc3 a4 49. Kb2 Rd3 50. Ka2 Kd4 51. Kb2 Kc4 52. Ka2 Rd2+ 53. Kb1 Kb3 54. Kc1 a3 55. Kxd2 a2 56. Kd3 a1=Q 57. Ke4 Kc4 58. Kf4 Kd4 59. Kf3 Qf1+ 60. Kg4 Ke4 0-1

[Event "GER-ch Youth-U12 2024"]
[Site "Willingen"]
[Date "2024.05.19"]
[Round "1"]
[White "Zimmer, Tim"]
[Black "Grabowski, Joshua"]
[Result "1/2-1/2"]
[ECO "C01"]
[WhiteElo "1772"]
[BlackElo "1532"]
[Annotator "NA RC"]
[PlyCount "65"]
[EventDate "2022.06.05"]
[EventType "swiss"]
[EventRounds "9"]
[EventCountry "GER"]
[SourceTitle "playchess.com"]
[Source "ChessBase"]
[SourceQuality "1"]
[TimeControl "40/4500+30:900+30"]

1. e4 e6 2. d4 d5 3. exd5 exd5 4. Bd3 Bd6 5. Nf3 Ne7 6. O-O O-O 7. Nc3 Nbc6 8. Nb5 Bf5 9. Bg5 f6 10. Nxd6 Qxd6 11. Bh4 Qb4 12. Re1 Rfe8 13. Bg3 Nxd4 14. Nxd4 Qxd4 15. Rxe7 Rxe7 16. Bxf5 Qxd1+ 17. Rxd1 c6 18. Bd6 Re2 19. Kf1 Ree8 20. Re1 Kf7 21. Re3 g6 22. Bg4 f5 23. Bf3 Rxe3 24. fxe3 h5 25. Ke2 Ke6 26. Bc7 Rc8 27. Bf4 b5 28. Kd3 c5 29. h3 a6 30. g4 hxg4 31. hxg4 a5 32. c3 a4 33. a3 1/2-1/2

[Event "GER-ch Youth-U12 2024"]
[Site "Willingen"]
[Date "2024.05.19"]
[Round "1"]
[White "Fadeev, Justin Michael"]
[Black "Moskalenko, Michael"]
[Result "1-0"]
[ECO "B42"]
[WhiteElo "1762"]
[BlackElo "1574"]
[Annotator "NA RC"]
[PlyCount "79"]
[EventDate "2022.06.05"]
[EventType "swiss"]
[EventRounds "9"]
[EventCountry "GER"]
[SourceTitle "playchess.com"]
[Source "ChessBase"]
[SourceQuality "1"]
[TimeControl "40/4500+30:900+30"]

1. e4 c5 2. Nf3 e6 3. d4 cxd4 4. Nxd4 a6 5. Bd3 Qc7 6. O-O Nf6 7. Qe2 Bc5 8. Nb3 Ba7 9. e5 Nd5 10. Kh1 d6 11. Qg4 Nc6 12. Qxg7 Rf8 13. Bh6 Qe7 14. Qxf8+ Qxf8 15. Bxf8 Kxf8 16. exd6 f5 17. Nc3 Nf4 18. Rad1 Bd7 19. Ne2 Ng6 20. c4 Kf7 21. f4 Nh4 22. a3 Rg8 23. Ng3 Nd8 24. Be2 Kf8 25. Bf3 Nf7 26. Bxb7 Nh6 27. c5 Ba4 28. d7 Ke7 29. d8=Q+ Rxd8 30. Rxd8 Kxd8 31. Nd4 Kc7 32. Bxa6 Kb8 33. b4 Ng4 34. Bb5 Bxb5 35. Nxb5 Ne3 36. Re1 Nhxg2 37. Re2 Kb7 38. Nxa7 Kxa7 39. Rxg2 Nxg2 40. Kxg2 1-0

[Event "GER-ch Youth-U12 2024"]
[Site "Willingen"]
[Date "2024.05.19"]
[Round "1"]
[White "Jahn, Gustav"]
[Black "Prashanthakumar, Arnesh"]
[Result "1-0"]
[ECO "C54"]
[WhiteElo "1755"]
[BlackElo "1634"]
[Annotator "NA RC"]
[PlyCount "59"]
[EventDate "2022.06.05"]
[EventType "swiss"]
[EventRounds "9"]
[EventCountry "GER"]
[SourceTitle "playchess.com"]
[Source "ChessBase"]
[SourceQuality "1"]
[TimeControl "40/4500+30:900+30"]

1. e4 e5 2. Nf3 Nc6 3. Bc4 Bc5 4. c3 Nf6 5. d3 d6 6. O-O Be6 7. Bb3 O-O 8. Bc2 h6 9. d4 Bc4 10. dxc5 Bxf1 11. Qxf1 Qd7 12. Na3 Rae8 13. cxd6 Qxd6 14. Be3 Ng4 15. Qe2 Nxe3 16. fxe3 Ne7 17. Nc4 Qe6 18. Ncxe5 Ng6 19. Bb3 Qb6 20. Nd7 Qc6 21. Nxf8 Kxf8 22. Rf1 Nh8 23. Bd5 Qb6 24. Nd4 c5 25. Qh5 Re7 26. Nf5 Rd7 27. Qg4 Qg6 28. Qf4 Rd8 29. Qc7 Ra8 30. Nd6 1-0

[Event "GER-ch Youth-U12 2024"]
[Site "Willingen"]
[Date "2024.05.19"]
[Round "1"]
[White "Wettstein, Levin"]
[Black "Peglau, Paul David"]
[Result "0-1"]
[ECO "B35"]
[WhiteElo "1753"]
[BlackElo "1806"]
[Annotator "NA RC"]
[PlyCount "116"]
[EventDate "2022.06.05"]
[EventType "swiss"]
[EventRounds "9"]
[EventCountry "GER"]
[SourceTitle "playchess.com"]
[Source "ChessBase"]
[SourceQuality "1"]
[TimeControl "40/4500+30:900+30"]

1. e4 c5 2. Nc3 g6 3. Nf3 Bg7 4. d4 cxd4 5. Nxd4 Nc6 6. Be3 Nf6 7. Bc4 Qa5 8. O-O O-O 9. Re1 d6 10. h3 Bd7 11. Be2 Rfc8 12. Nf3 Ne5 13. Bd2 Qb6 14. Rb1 Bc6 15. Nxe5 dxe5 16. Be3 Qc7 17. Bf3 b5 18. a3 a5 19. Rc1 b4 20. axb4 axb4 21. Nd5 Bxd5 22. exd5 e4 23. Be2 Rd8 24. c4 bxc3 25. Rxc3 Qb7 26. Rb3 Qxd5 27. Qxd5 Nxd5 28. Bc4 Rac8 29. Rd1 e6 30. Bxd5 exd5 31. Bd4 Rc4 32. Bxg7 Kxg7 33. Rb5 d4 34. b3 Rc7 35. Re5 f5 36. b4 d3 37. Kf1 Rc2 38. Ra5 Rdc8 39. Raa1 Rb2 40. Rdc1 Rcc2 41. Kg1 Rxf2 42. Rc7+ Kh6 43. Raa7 Rxg2+ 44. Kh1 Rge2 45. Rxh7+ Kg5 46. h4+ Kf4 47. Ra1 d2 48. Rf1+ Kg3 49. Rh6 Re1 50. Rxg6+ Kh3 51. Rfg1 d1=Q 52. R6g3+ Kxh4 53. Rxe1 Qxe1+ 54. Rg1 Qxg1+ 55. Kxg1 f4 56. b5 f3 57. b6 Kg3 58. b7 Rb1# 0-1

[Event "GER-ch Youth-U12 2024"]
[Site "Willingen"]
[Date "2024.05.19"]
[Round "1"]
[White "Lanert, Theodor"]
[Black "Schmidt, Jossip"]
[Result "1-0"]
[ECO "B76"]
[WhiteElo "1742"]
[BlackElo "1603"]
[Annotator "NA RC"]
[PlyCount "137"]
[EventDate "2022.06.05"]
[EventType "swiss"]
[EventRounds "9"]
[EventCountry "GER"]
[SourceTitle "playchess.com"]
[Source "ChessBase"]
[SourceQuality "1"]
[TimeControl "40/4500+30:900+30"]

1. e4 c5 2. Nf3 Nc6 3. d4 cxd4 4. Nxd4 g6 5. Nc3 Bg7 6. Be3 Nf6 7. Bc4 O-O 8. Bb3 d6 9. f3 h5 10. Qd2 Kh7 11. h3 Bd7 12. g4 a6 13. Nd5 Nxd5 14. Bxd5 Nxd4 15. Bxd4 Bxd4 16. Qxd4 Bc6 17. O-O-O Bxd5 18. Qxd5 h4 19. Qg5 e6 20. Qf4 Qa5 21. Kb1 Qe5 22. Qxe5 dxe5 23. Rd7 b5 24. g5 Rad8 25. Ra7 Rd6 26. Kc1 Kg8 27. Rg1 f5 28. gxf6 Rxf6 29. b3 Kh8 30. Kb2 Rxf3 31. Rxg6 Rxh3 32. Rh6+ Kg8 33. Rg6+ Kh8 34. Rh6+ Kg8 35. Rah7 Rh1 36. Rxh4 Re1 37. a3 Rxe4 38. Rxe4 Kxh7 39. c4 bxc4 40. bxc4 Kg6 41. Rxe5 Kf6 42. Re3 e5 43. Kc3 Kf5 44. c5 Rd5 45. Kb4 Ke6 46. Rh3 e4 47. Rh6+ Kd7 48. Kc4 Rd1 49. Rh4 e3 50. Re4 Rc1+ 51. Kd4 Kc6 52. Rxe3 Rd1+ 53. Kc4 Rc1+ 54. Kb4 Rb1+ 55. Ka5 Kxc5 56. Rc3+ Kd4 57. Rc2 Kd3 58. Rc6 Rb8 59. a4 Kd4 60. Kxa6 Kd5 61. Rb6 Rc8 62. a5 Rc7 63. Rb7 Kc6 64. Rb6+ Kd7 65. Kb5 Kc8 66. a6 Ra7 67. Rh6 Kc7 68. Rh8 Kd7 69. Rh7+ 1-0

[Event "GER-ch Youth-U12 2024"]
[Site "Willingen"]
[Date "2024.05.19"]
[Round "1"]
[White "Schulz, Robin"]
[Black "Obermair, Hannes"]
[Result "1-0"]
[ECO "B22"]
[WhiteElo "1730"]
[BlackElo "1668"]
[Annotator "NA RC"]
[PlyCount "79"]
[EventDate "2022.06.05"]
[EventType "swiss"]
[EventRounds "9"]
[EventCountry "GER"]
[SourceTitle "playchess.com"]
[Source "ChessBase"]
[SourceQuality "1"]
[TimeControl "40/4500+30:900+30"]

1. e4 c5 2. Nf3 Nc6 3. c3 Nf6 4. e5 Nd5 5. d4 cxd4 6. cxd4 e6 7. Nc3 Bb4 8. Bd2 Nxc3 9. bxc3 Be7 10. Bd3 d6 11. Qe2 dxe5 12. Nxe5 Nxe5 13. Qxe5 Bf6 14. Qe4 Qd5 15. Qxd5 exd5 16. O-O O-O 17. h3 Be6 18. g4 Be7 19. f4 Bd6 20. f5 Bd7 21. Rab1 Bc6 22. f6 g6 23. h4 Kh8 24. Bh6 Rfe8 25. h5 Bf8 26. Bf4 Re6 27. hxg6 fxg6 28. f7 Bg7 29. Bb5 b6 30. Bxc6 Rxc6 31. Rbe1 Rf8 32. Re8 h6 33. c4 Kh7 34. cxd5 Rf6 35. Rxf8 Bxf8 36. Be5 Rxf1+ 37. Kxf1 g5 38. d6 Kg6 39. d7 Be7 40. d8=Q 1-0

[Event "GER-ch Youth-U12 2024"]
[Site "Willingen"]
[Date "2024.05.19"]
[Round "1"]
[White "Vinogradov, Ilia"]
[Black "Tarasenko, Nazar"]
[Result "0-1"]
[ECO "B28"]
[WhiteElo "1723"]
[BlackElo "2061"]
[Annotator "RC"]
[PlyCount "110"]
[EventDate "2022.06.05"]
[EventType "swiss"]
[EventRounds "9"]
[EventCountry "GER"]
[SourceTitle "playchess.com"]
[Source "ChessBase"]
[SourceQuality "1"]
[TimeControl "40/4500+30:900+30"]

1. e4 c5 2. Nf3 a6 3. d4 cxd4 4. Nxd4 Nf6 5. Nc3 e5 6. Nf3 Bb4 7. Bc4 d6 8. O-O Qc7 9. Qd3 Nbd7 10. Nd5 Nxd5 11. Bxd5 O-O 12. a3 Bc5 13. b4 Ba7 14. Bb3 h6 15. Be3 Bxe3 16. Qxe3 Nf6 17. Rad1 Be6 18. Rfe1 Rfe8 19. h3 b5 20. Rd2 Rad8 21. Rde2 Nh5 22. Rd2 Nf6 23. Rde2 Kh7 24. Rd2 Qc6 25. Rde2 a5 26. Bxe6 fxe6 27. Qd3 Kg8 28. Rd2 a4 29. Kh1 Rd7 30. Kg1 Red8 31. Qe3 Rc8 32. Qd3 Qc4 33. Qe3 Rc6 34. Rde2 Qc3 35. Rc1 Rdc7 36. Ne1 Qxe3 37. Rxe3 Rc3 38. Rd1 Rxe3 39. fxe3 Nxe4 40. Rd3 Kf7 41. g4 Ke7 42. Kg2 d5 43. Kf1 Kd6 44. Kg2 Nc3 45. Kf2 e4 46. Rd2 Nb1 47. Rd1 Nxa3 48. Rc1 Rc3 49. h4 g5 50. hxg5 hxg5 51. Ke2 Nc4 52. Ng2 Ke5 53. Kf2 a3 54. Ke2 a2 55. Kf2 Rxc2+ 0-1

[Event "GER-ch Youth-U12 2024"]
[Site "Willingen"]
[Date "2024.05.19"]
[Round "1"]
[White "Sun, Christopher"]
[Black "Bundan, Edward"]
[Result "0-1"]
[ECO "B40"]
[WhiteElo "1714"]
[BlackElo "1897"]
[Annotator "NA RC"]
[PlyCount "118"]
[EventDate "2022.06.05"]
[EventType "swiss"]
[EventRounds "9"]
[EventCountry "GER"]
[SourceTitle "playchess.com"]
[Source "ChessBase"]
[SourceQuality "1"]
[TimeControl "40/4500+30:900+30"]

1. e4 c5 2. Nf3 Nc6 3. b3 e6 4. Bb2 Nf6 5. Nc3 d5 6. exd5 exd5 7. d4 cxd4 8. Nxd4 Be7 9. Be2 O-O 10. O-O a6 11. Bf3 Ne5 12. Re1 Nxf3+ 13. Nxf3 Bg4 14. Qd4 Bxf3 15. gxf3 Rc8 16. b4 Rc4 17. Qe5 Bd6 18. Qg5 h6 19. Qd2 Bxb4 20. a3 Bxc3 21. Bxc3 d4 22. Bb4 Re8 23. Rxe8+ Qxe8 24. Re1 Qc6 25. Kg2 Nd5 26. Re4 Nxb4 27. axb4 f5 28. Rxd4 Rxc2 29. Qf4 Qg6+ 30. Kf1 Ra2 31. Rd1 Qe6 32. Re1 Qf7 33. Rc1 Kh7 34. Qe5 Rd2 35. Rc7 Rd7 36. Rc5 g6 37. Kg2 Qg7 38. Qg3 Rf7 39. Qd6 g5 40. h3 h5 41. Qd3 Qg6 42. Qc3 g4 43. fxg4 hxg4 44. Qg3 gxh3+ 45. Kxh3 Qxg3+ 46. Kxg3 Kg6 47. b5 axb5 48. Rxb5 Kf6 49. Kf4 Ke6 50. Re5+ Kd6 51. Rxf5 Rxf5+ 52. Kxf5 Kd5 53. Kg5 b5 54. f4 b4 55. f5 b3 56. f6 Ke6 57. Kg6 b2 58. f7 b1=Q+ 59. Kg7 Qb7 0-1

[Event "GER-ch Youth-U12 2024"]
[Site "Willingen"]
[Date "2024.05.19"]
[Round "1"]
[White "Hellriegel, Hannes"]
[Black "Fass, Ben"]
[Result "1-0"]
[ECO "C50"]
[WhiteElo "1701"]
[BlackElo "1027"]
[Annotator "NA RC"]
[PlyCount "74"]
[EventDate "2022.06.05"]
[EventType "swiss"]
[EventRounds "9"]
[EventCountry "GER"]
[SourceTitle "playchess.com"]
[Source "ChessBase"]
[SourceQuality "1"]
[TimeControl "40/4500+30:900+30"]

1. e4 e5 2. Nf3 Nc6 3. Bc4 Bc5 4. Nc3 Nf6 5. d3 d6 6. Na4 Bd4 7. c3 Bb6 8. b4 Ne7 9. Qb3 d5 10. exd5 Nexd5 11. Bxd5 Qxd5 12. c4 Qd7 13. c5 Qg4 14. O-O Be6 15. Qb2 Bd7 16. Nxe5 Qe6 17. Nxd7 Qxd7 18. Qb3 Qd5 19. Qxd5 Nxd5 20. Bd2 O-O 21. a3 Bxc5 22. Nxc5 b6 23. Ne4 Rad8 24. Rac1 Rd7 25. Rc4 Nf4 26. Bxf4 Rxd3 27. Rxc7 Rd4 28. Bd6 Rxe4 29. Bxf8 Kxf8 30. Rxa7 Rd4 31. Ra6 Rd6 32. a4 Rd4 33. Rxb6 g6 34. a5 Rd7 35. a6 Ke7 36. Rb7 Kd8 37. Rxd7+ Kxd7 1-0

[Event "GER-ch Youth-U12 2024"]
[Site "Willingen"]
[Date "2024.05.19"]
[Round "1"]
[White "Leonhardt, Max"]
[Black "Zhang, Yibo"]
[Result "0-1"]
[ECO "A08"]
[WhiteElo "1691"]
[BlackElo "1988"]
[Annotator "RC"]
[PlyCount "82"]
[EventDate "2022.06.05"]
[EventType "swiss"]
[EventRounds "9"]
[EventCountry "GER"]
[SourceTitle "playchess.com"]
[Source "ChessBase"]
[SourceQuality "1"]
[TimeControl "40/4500+30:900+30"]

1. Nf3 d5 2. g3 c5 3. Bg2 Nf6 4. O-O Nc6 5. d3 e6 6. Bf4 g6 7. Nc3 a6 8. e4 d4 9. Ne2 Bg7 10. c3 O-O 11. Ne5 Nd7 12. Nxc6 bxc6 13. Qa4 Qb6 14. Rab1 e5 15. Bd2 Qb5 16. Qc2 c4 17. a4 cxd3 18. axb5 dxc2 19. Ra1 dxc3 20. Bxc3 cxb5 21. Rac1 Bb7 22. Rxc2 Rfc8 23. Rd2 Nc5 24. f3 a5 25. b4 Na4 26. Rd7 Bc6 27. Rd3 Nxc3 28. Rxc3 axb4 29. Rc2 Bd7 30. Rfc1 Rxc2 31. Rxc2 b3 32. Rb2 Ra2 33. Rxb3 Rxe2 34. Rd3 Be6 35. Bf1 Rb2 36. Rd8+ Bf8 37. Rb8 b4 38. f4 exf4 39. gxf4 Kg7 40. Bd3 Bh3 41. f5 Bc5+ 0-1